AoeStats
← FTP kykyrez

Arabian Desert

510538724Analyzed
1v1 RM · 2d ago on Oct 1, 2026· 30m 41s· 2 players
Game mode
Random Map
Map size
Tiny (2 player)
Population
200
Speed
Normal
Resources
Standard
Victory
Conquest
Starting age
Dark Age
Ending age
Imperial Age
RankedLock teamsTeams togetherTeam positionsShared explorationLock speedFull tech treeHidden civsTurbo modeCheats
Victory
Defeat
🇷🇴 Italians · Romania
1065
+16
🇹🇷 Slavs · Türkiye
1057
-16
Ryder Wilson
4:49 Loom
9:29 Feudal Age
10:20 Man-at-Arms
13:51 Double-Bit Axe
15:05 Horse Collar
16:53 Gold Mining
22:13 Padded Archer Armor
22:03 Fletching
25:04 Castle Age
24:32 Forging
25:42 Elite Skirmisher
29:19 Leather Archer Armor
FTP kykyrez
7:07 Loom
9:55 Feudal Age
17:20 Castle Age
16:44 Double-Bit Axe
28:32 Fletching
29:25 Padded Archer Armor
Connection lost

Rejoining the realm…

Still unreachable

The connection could not be restored.

Session expired

The server has moved on; the page needs a fresh start.